AoeStats
← lesadel2021

Arena

509982646Analyzed
1v1 RM · 4d ago on Sep 28, 2026· 23m 12s· 2 players
Game mode
Random Map
Map size
Tiny (2 player)
Population
200
Speed
Normal
Resources
Standard
Victory
Conquest
Starting age
Dark Age
Ending age
Imperial Age
RankedLock teamsTeams togetherTeam positionsShared explorationLock speedFull tech treeHidden civsTurbo modeCheats
Victory
Defeat
🇨🇱 Turks · Chile
799
+11
🇦🇷 Britons · Argentina
685
-27
lesadel2021
10:05 Loom
14:02 Feudal Age
16:03 Wheelbarrow
18:17 Castle Age
19:05 Wheelbarrow
20:30 Wheelbarrow
25:13 Imperial Age
gustebrius
11:46 Feudal Age
15:27 Castle Age
13:44 Double-Bit Axe
15:29 Horse Collar
19:26 Loom
20:49 Bow Saw
20:40 Heavy Plow
20:42 Gold Mining
20:43 Stone Mining
Connection lost

Rejoining the realm…

Still unreachable

The connection could not be restored.

Session expired

The server has moved on; the page needs a fresh start.